Map: Cyber Forest LE

Players

NiceG - Winner!

  • Race: Zerg Zerg
  • League: Diamond
  • Spawn Location: 11:00

Woah

  • Race: Terran Terran
  • League: Platinum
  • Spawn Location: 5:00

VOD

Have the link to the VOD?

Description

Time

  • Played on: June 12, 2019, 3:42 a.m.
  • Length: 14:56
Show
View Real Time Build Order
Export as new Build Order

NiceG Zerg - Winner!

Build Orders: Hatch First 

Get SALT Encoding   

  12  0:01  Drone  
  13  0:08  Drone  
  14  0:17  Overlord  
  14  0:36  Drone x3  
  17  0:55  Hatchery  
  17  0:56  Drone  
  17  1:00  Drone  
  18  1:10  Extractor  
  17  1:14  Spawning Pool  
  17  1:18  Drone  
  17  1:25  Drone  
  18  1:38  Drone  
  19  1:41  Overlord  
  19  2:02  Queen, Zergling x2  
  19  2:03  Zergling x2  
  19  2:06  Queen  
  19  2:07  Zergling x2  
  26  2:15  Drone  
  27  2:44  Drone, Baneling Nest  
  27  2:46  Queen  
  27  2:47  Drone  
  27  2:48  Drone x4  
  34  2:52  Metabolic Boost  
  33  3:21  Drone  
  33  3:22  Extractor, Drone x2  
  33  3:23  Overlord x4  
  35  3:53  Hatchery  
  35  3:54  Lair  
  34  3:58  Drone  
  34  3:59  Drone x2  
  37  4:03  Zergling x10  
  42  4:22  Drone x6  
  47  4:41  Baneling x6  
  47  4:42  Baneling x2  
  47  4:50  Extractor, Drone x2  
  47  4:51  Drone  
  47  4:52  Extractor, Drone x3  
  52  5:00  Zergling x10  
  52  5:05  Drone  
  57  5:07  Queen  
  59  5:20  Evolution Chamber, Drone x2  
  60  5:22  Evolution Chamber  
  60  5:25  Centrifical Hooks  
  60  5:27  Drone x3  
  60  5:28  Drone  
  59  5:45  Zergling x4  
  59  5:46  Zergling x16  
  63  6:04  Zerg Melee Weapons Level 1  
  63  6:05  Zerg Ground Armor Level 1  
  63  6:06  Infestation Pit, Zergling x10  
  63  6:09  Drone  
  68  6:27  Baneling x5  
  68  6:28  Baneling x3  
  68  6:35  Drone x3  
  68  6:36  Drone x3  
  68  6:37  Overlord x3  
  68  6:38  Overlord  
  74  6:46  Hive  
  74  6:50  Pathogen Glands  
  74  7:14  Drone x2  
  74  7:15  Drone x7  
  82  7:19  Drone  
  82  7:20  Extractor x2, Drone  
  82  7:21  Zergling x16  
  81  7:38  Zergling x2  
  81  7:39  Zergling x10  
  81  7:51  Infestor  
  81  7:52  Infestor x3, Drone  
  90  8:08  Zergling x10  
  90  8:22  Zerg Melee Weapons Level 2  
  90  8:24  Ultralisk Cavern  
  89  8:32  Baneling x3  
  89  8:33  Baneling x5  
  89  8:47  Zergling x2  
  89  8:48  Zergling x26  
  103  8:57  Spire  
  102  9:03  Zergling x2  
  102  9:04  Zergling x4  
  105  9:15  Hatchery  
  103  9:27  Zergling x6  
  106  9:44  Evolution Chamber  
  105  9:51  Overlord x2  
  105  9:52  Overlord x6  
  105  10:06  Baneling x3  
  103  10:07  Baneling x6  
  103  10:15  Spire  
  103  10:19  Ultralisk  
  103  10:20  Ultralisk x4  
  132  10:36  Queen  
  132  10:41  Zerg Melee Weapons Level 3  
  134  10:48  Drone x3  
  137  10:50  Queen  
  137  10:56  Overlord  
  139  10:57  Overlord x2  
  139  11:05  Drone x5  
  139  11:06  Drone x3  
  147  11:11  Queen  
  149  11:26  Queen  
  149  11:29  Overlord, Corruptor x6  
  149  11:30  Corruptor  
  164  11:41  Baneling x4  
  164  11:42  Baneling x4  
  164  11:47  Queen  
  164  11:52  Drone x2  
  164  11:53  Extractor x2, Drone x2  
  164  11:54  Drone x2  
  170  12:01  Ultralisk  
  176  12:16  Chitinous Plating  
  176  12:22  Infestor x2  
  178  12:38  Zergling x32  
  178  12:39  Zergling x4  
  179  13:24  Hatchery  
  149  13:48  Zergling x2  
  149  13:49  Zergling x44  
  149  13:50  Zergling x6  
  149  13:54  Zergling x2  
  149  13:55  Zergling x4  
  178  14:00  Corruptor x2  
  179  14:13  Zergling x6  
  181  14:19  Corruptor x2  
Show
View Real Time Build Order
Export as new Build Order

Woah Terran 

Build Orders: Reaper Expand 

Get SALT Encoding   

  12  0:00  SCV  
  13  0:12  SCV  
  14  0:17  Supply Depot  
  14  0:25  SCV  
  15  0:39  SCV  
  15  0:40  Barracks  
  16  0:44  Refinery  
  16  0:51  SCV  
  17  1:03  SCV  
  18  1:15  SCV  
  19  1:30  Reaper, Orbital Command  
  20  1:45  Command Center  
  20  1:56  Barracks  
  20  2:00  SCV  
  21  2:04  Barracks Reactor  
  21  2:12  Supply Depot  
  21  2:22  SCV  
  22  2:24  Factory  
  21  2:31  Refinery  
  21  2:38  SCV  
  21  2:40  Marine x2  
  21  2:43  Barracks Tech Lab  
  24  2:50  SCV  
  24  3:18  Supply Depot  
  24  3:21  SCV  
  24  3:23  Supply Depot  
  25  3:32  Orbital Command  
  25  3:33  SCV  
  26  3:37  Starport  
  26  3:46  SCV  
  27  3:50  Stimpack  
  27  3:55  Factory Reactor  
  27  3:58  SCV  
  27  4:02  SCV  
  29  4:09  Supply Depot  
  29  4:14  SCV, Engineering Bay  
  29  4:15  SCV, Engineering Bay  
  31  4:19  Marine  
  31  4:20  Marine  
  31  4:21  Marine  
  34  4:26  SCV  
  34  4:31  SCV  
  35  4:42  Marine  
  35  4:43  Marine x2  
  38  4:53  Factory Tech Lab  
  38  4:54  Terran Infantry Weapons Level 1, Terran Infantry Armor Level 1  
  38  4:55  Command Center  
  38  4:56  SCV x2  
  40  5:00  Medivac, Marine  
  40  5:06  Medivac  
  45  5:08  SCV  
  45  5:09  SCV  
  45  5:13  Marine  
  48  5:15  Marine  
  48  5:20  SCV  
  48  5:21  SCV  
  51  5:22  Marine  
  52  5:37  Barracks  
  52  5:40  Barracks  
  52  5:42  Barracks  
  45  5:59  Supply Depot x2  
  45  6:00  Supply Depot  
  45  6:07  Marine x2  
  45  6:09  Marine  
  45  6:10  SCV x2, Combat Shield  
  50  6:17  Siege Tank  
  53  6:24  Marine  
  54  6:27  SCV  
  54  6:28  SCV  
  54  6:30  Refinery  
  54  6:31  Refinery  
  56  6:33  Marine  
  56  6:35  Barracks Reactor  
  56  6:39  SCV, Barracks Reactor x2  
  58  6:41  SCV  
  58  6:42  Medivac  
  61  6:48  Marine x2  
  61  6:51  SCV, Marine  
  65  7:03  SCV  
  65  7:06  Armory  
  66  7:10  Marine x3  
  66  7:11  Marine x2  
  66  7:15  Siege Tank  
  74  7:16  SCV  
  74  7:18  SCV  
  76  7:28  Marine x4  
  74  7:41  Marine x5  
  74  7:46  Marine x4  
  78  7:54  SCV x2  
  80  7:58  Marine  
  80  7:59  Marine x4, Barracks  
  80  8:00  Barracks, Supply Depot  
  80  8:01  Barracks  
  85  8:09  Orbital Command  
  85  8:13  Marine x2  
  85  8:21  Marine x4  
  89  8:43  Marauder, Marine x2  
  93  9:11  Terran Infantry Weapons Level 2, Terran Infantry Armor Level 2  
  93  9:18  SCV  
  93  9:19  SCV  
  93  9:20  Marine  
  93  9:22  Marine  
  93  9:24  SCV, Marine  
  93  9:31  Marine  
  93  9:34  SCV x2, Marine x2  
  93  9:35  Marine x2  
  93  9:49  Bunker  
  93  10:15  Supply Depot x3  
  93  10:16  Supply Depot  
  93  10:17  Supply Depot x2  
  93  10:21  Command Center  
  93  10:37  SCV x3, Marauder, Marine x8  
  93  10:38  Supply Depot  
  93  10:39  Supply Depot  
  106  10:45  Factory  
  106  10:47  Starport  
  106  10:48  Starport  
  106  10:49  SCV x3  
  109  10:54  Marine x2  
  111  10:58  Sensor Tower  
  111  11:01  SCV x3  
  114  11:13  SCV x3  
  114  11:17  Marine x9  
  126  11:19  Siege Tank  
  129  11:29  Liberator x2  
  128  11:33  Liberator x2  
  128  11:34  Marine  
  128  11:35  Marine x7  
  128  11:36  Marauder, Supply Depot  
  128  11:39  Orbital Command  
  131  11:44  Barracks Tech Lab x3  
  137  11:51  Siege Tank  
  146  11:57  Marauder  
  148  12:08  Command Center  
  148  12:12  Liberator x2  
  148  12:16  Liberator  
  148  12:18  Marauder  
  150  12:25  Supply Depot  
  136  13:03  Fusion Core  
  136  13:05  Refinery x2  
  134  13:11  Starport Tech Lab  
  134  13:12  Factory Tech Lab  
  126  13:35  Liberator x2  
  126  13:39  Marine  
  126  13:40  Marauder, Marine x10  
  99  13:45  Barracks x2  
  98  13:57  Marine  
  98  13:58  Marine x7  
  98  13:59  Marauder x3  
  98  14:01  Marauder  
  74  14:16  Marine x6  
  70  14:20  Marauder x3  
  72  14:28  Marine  
  54  14:33  Marine x2  
Tags
 
Add a new tag
Caveats
  • Supply blocks, unpowered buildings, or Contaminate may cause inaccurate times.
  • Supply counts are checked every 10 seconds.